 Dungeon Crawl Stone Soup version 0.28.0-1-gb440e238dd (webtiles) character file.

Game seed: 17967315511396609278

108 DemonSlayer the Conjurer (level 4, -2/24 HPs)
             Began as a Deep Elf Conjurer on Feb 22, 2022.
             Shot with a bolt by a kobold brigand (12 damage)
             ... in a sewer.
             The game lasted 00:06:03 (2978 turns).

DemonSlayer the Conjurer (Deep Elf Conjurer)        Turns: 2978, Time: 00:06:03

Health: -2/24      AC:  2    Str:  4    XL:     4   Next: 58%
Magic:  9/12       EV: 13    Int: 25    God:
Gold:   90         SH:  0    Dex: 13    Spells: 4/11 levels left

rFire   . . .      SeeInvis .   h - +3 dagger
rCold   . . .      Faith    .   (no shield)
rNeg    . . .      Spirit   .   a - +0 robe
rPois   .          Reflect  .   (no helmet)
rElec   .          Harm     .   (no cloak)
rCorr   .          Rampage  .   (no gloves)
Will    .....                   (no boots)
Stlth   +.........              (no amulet)
HPRegen 0.08/turn               (no ring)
MPRegen 0.13/turn               (no ring)

@: mighty, very slow
A: no striking features
a: no special abilities


You were in a sewer.
You visited 1 branch of the dungeon, and saw 3 of its levels.
You also visited: Sewer.

You collected 90 gold pieces.

Inventory:

Hand Weapons
 h - a +3 dagger (weapon)
Armour
 a - a +0 robe (worn)
Scrolls
 e - a scroll of fear {unknown}
 f - 2 scrolls of silence
 l - 2 scrolls of teleportation
 m - 3 scrolls of vulnerability
Potions
 b - 2 potions of mutation
 g - a potion of attraction {unknown}
 i - a potion of ambrosia {unknown}
 k - a potion of resistance {unknown}
 n - a potion of haste {unknown}


   Skills:
 + Level 3.1 Dodging
 + Level 2.7 Stealth
 + Level 4.1 Spellcasting
 + Level 5.8 Conjurations


You had 4 spell levels left.
You knew the following spells:

 Your Spells              Type           Power      Damage    Failure   Level
a - Magic Dart            Conj           100%       1d8       1%          1
b - Searing Ray           Conj           68%        2d6       1%          2
c - Iskenderun's Mystic   Conj/Tloc      19%        2d6       26%         4

Your spell library contained the following spells:

 Spells                   Type           Power      Damage    Failure   Level
 Dazzling Flash           Conj/Hex       38%        N/A       9%          3
 Fulminant Prism          Conj/Hex       9%         3d7       26%         4


Dungeon Overview and Level Annotations

Branches:
Dungeon (3/15)              Sewer (1/1)

Altars:

Shops:
D:1 (


Message History

The kobold brigand unwields a +0 dagger.
The kobold brigand wields a +0 hand crossbow.
The kobold brigand shoots a bolt.
The bolt hits you!
You enter the shallow water.
Moving in this stuff is going to be slow.
Okay, then.
Okay, then.
Casting: Searing Ray (safe; 1% risk of failure)
Confirm with . or Enter, or press ? or * to list all spells.
Okay, then.
Okay, then.
As you read the scroll of fog, it crumbles to dust.
The scroll dissolves into smoke.
You enter the shallow water.
Moving in this stuff is going to be slow.
You enter the shallow water.
Moving in this stuff is going to be slow.
A kobold brigand is nearby!
You enter the shallow water.
Moving in this stuff is going to be slow.
You enter the shallow water.
Moving in this stuff is going to be slow.
The kobold brigand shoots a bolt.
The bolt hits you.
You start resting.
A kobold brigand is nearby!
Okay, then.
Casting: Searing Ray (safe; 1% risk of failure)
Confirm with . or Enter, or press ? or * to list all spells.
Okay, then.
The searing ray hits the kobold brigand!
The kobold brigand is moderately wounded. (Press . to maintain the ray.)
The searing ray hits the kobold brigand!
The kobold brigand is heavily wounded.
The kobold brigand shoots a bolt.
The bolt hits you.
It was a potion of might.
You feel very mighty all of a sudden.
The kobold brigand shoots a bolt.
The bolt hits you!
Ouch! That really hurt!
You die...

#########
#. .#
#)#.#.#.#
#K K# ≈#
#≈#≈#≈#≈#
#≈ ≈# ≈#
#≈#÷#≈#†#
≈#≈ #≈
#≈#≈#≈#≈#
.≈≈ ≈≈
#≈.@#≈≈≈#
#≈# ≈#
##≈###≈##
#K# .#
#≈# #≈#
#≈###≈#
#≈###≈#
#..≈≈≈#
#K.≈≈≈#
##§§≈##
##≈≈≈##
#§§§#
#≈..#
#§§§#
#.≈≈#
#≈§§##
##K..#


You could see a kobold brigand.

Vanquished Creatures
  4 adders
  A river rat (Sewer)
  A worm (D:2)
  9 endoplasms
  8 giant cockroaches
  2 goblins
  2 hobgoblins
  11 kobolds
  3 quokkas
  5 ball pythons
  6 bats
  2 frilled lizards
  5 rats
59 creatures vanquished.

Notes
Turn   | Place    | Note
-------+----------+-------------------------------------------
     0 | D:1      | DemonSlayer the Deep Elf Conjurer began the quest for the
                  | Orb.
     0 | D:1      | Reached XP level 1. HP: 10/10 MP: 6/6
   256 | D:1      | Reached XP level 2. HP: 15/15 MP: 6/8
   259 | D:1      | Learned a level 2 spell: Searing Ray
   439 | D:1      | Found Zuemu's Weapon Emporium.
   560 | D:1      | Reached skill level 5 in Conjurations
   633 | D:1      | Found a faded altar of an unknown god.
  1077 | D:2      | Reached XP level 3. HP: 19/19 MP: 7/9
  2115 | D:3      | Found a glowing drain.
  2154 | Sewer    | Entered a sewer
  2232 | Sewer    | Reached XP level 4. HP: 23/24 MP: 7/11
  2368 | Sewer    | Learned a level 4 spell: Iskenderun's Mystic Blast
  2945 | Sewer    | Noticed a kobold brigand
  2945 | Sewer    | Noticed a kobold brigand
  2978 | Sewer    | Shot with a bolt by a kobold brigand

Illustrated notes

Levels and vault maps discovered:
D:1:      nzn_arrival_water_spiral, layout_basic,
          shapermc_ecumenical_altar_venn, serial_shops, shop_fountains
D:2:      layout_loops_cross
D:3:      layout_basic, gup_sewer_entry_pipe
Sewer:    sewer_co_tree

Skill      XL: |  1  2  3  4 |
---------------+-------------+-----
Conjurations   | 5 |  5.8
Dodging        | 3 |  3.1
Spellcasting   | 4 |  4.1
Stealth        | |  2.7

Action                   |  1- 3 |  4- 6 || total
-------------------------+-------+-------++-------
Melee: Dagger            |     3 |     1 ||     4
 Cast: Magic Dart        |    83 |       ||    83
       Searing Ray       |     5 |     9 ||    14
  Use: Scroll            |     7 |     1 ||     8
       Potion            |       |     1 ||     1
Armor: Robe              |     2 |     1 ||     3
Dodge: Dodged            |    18 |     4 ||    22
